AoeStats
← ၁၂/တန်းရှီ

Arena

508716668Analyzed
1v1 RM · 10d ago on Sep 23, 2026· 22m 39s· 2 players
Game mode
Random Map
Map size
Tiny (2 player)
Population
200
Speed
Normal
Resources
Standard
Victory
Conquest
Starting age
Dark Age
Ending age
Imperial Age
RankedLock teamsTeams togetherTeam positionsShared explorationLock speedFull tech treeHidden civsTurbo modeCheats
Victory
Defeat
🇨🇱 Poles · Chile
1069
+16
🇸🇬 Danes · Singapore
1078
-16
Endurance
11:44 Feudal Age
15:40 Castle Age
14:09 Horse Collar
14:17 Double-Bit Axe
14:27 Stone Mining
16:37 Bow Saw
16:30 Heavy Plow
18:41 Loom
၁၂/တန်းရှီ
11:06 Feudal Age
14:54 Castle Age
16:34 Forging
17:04 Pikeman
18:11 Pikeman
18:55 Scale Mail Armor
20:05 Iron Casting
Connection lost

Rejoining the realm…

Still unreachable

The connection could not be restored.

Session expired

The server has moved on; the page needs a fresh start.